 Dungeon Crawl Stone Soup version 0.29.0-10-g45618ea6d2 (webtiles) character file.

Game seed: 15019493448737308924

96 blackman the Chopper (level 4, 0/52 HPs)
             Began as a Demonspawn Monk on Sept 1, 2022.
             Slain by a goblin
             ... wielding a +0 club
             ... led by Robin
              (1 damage)
             ... on level 2 of the Dungeon.
             The game lasted 00:04:18 (1876 turns).

blackman the Chopper (Demonspawn Monk)              Turns: 1876, Time: 00:04:19

Health: 0/52       AC: 10    Str: 13    XL:     4   Next: 41%
Magic:  4/4        EV:  2    Int: 11    God:
Gold:   86         SH:  0    Dex: 16    Spells: 3/3 levels left

rFire   . . .      SeeInvis .   i - +0 whip (flame)
rCold   . . .      Faith    .   (no shield)
rNeg    . . .      Spirit   .   (body armour currently unavailable)
rPois   +          Reflect  .   (helmet currently unavailable)
rElec   .          Harm     .   (cloak currently unavailable)
rCorr   .          Rampage  .   (gloves currently unavailable)
Will    .....      NoTele   +   (boots currently unavailable)
Stlth   ++........              (no amulet)
HPRegen 0.17/turn               (no ring)
MPRegen 0.09/turn               (no ring)

@: mighty, tree-form, corroded
A: stationary, stasis, torment immunity, boosted hp, (antennae 1), foul stench 1
a: no special abilities


You were on level 2 of the Dungeon.
You were a tree.
You visited 1 branch of the dungeon, and saw 2 of its levels.

You collected 86 gold pieces.

Inventory:

Hand Weapons
 a - a +0 hand axe
 i - a +0 whip of flaming (weapon)
Armour
 b - a +0 robe
 h - a +0 ring mail (melded)
Wands
 n - a wand of flame (6)
Scrolls
 c - a scroll of enchant weapon {unknown}
 d - a scroll of teleportation
 e - 4 scrolls of identify
 f - 2 scrolls of blinking
 j - 2 scrolls of vulnerability
 l - a scroll of immolation {unknown}
 m - a scroll of poison {unknown}
 o - a scroll of summoning {unknown}
 p - a scroll of noise {unknown}
Potions
 k - a potion of lignification


   Skills:
 - Level 3.0 Fighting
 + Level 4.8 Axes
 - Level 2.6 Dodging
 - Level 1.7 Stealth


You had 3 spell levels left.
You didn't know any spells.
Your spell library was empty.

Dungeon Overview and Level Annotations

Branches:
Dungeon (2/15)

Altars:

Annotations:
D:2 Robin


Innate Abilities, Weirdness & Mutations

You are a tree.
Your roots penetrate the ground, keeping you stationary.
You cannot be teleported.
You are immune to unholy pain and torment.
Your maximum health is greatly increased.
Your equipment is partially melded.
((You have a pair of small antennae on your head.))
You may rarely emit foul miasma when damaged in melee.


Message History

It was a potion of lignification.
You turn into a tree.
Your +0 ring mail melds into your body.
Your roots penetrate the ground.
The jelly hits you but does no damage.
A hobgoblin comes into view.
Robin of the Strong Arm comes into view.
They are wielding a +0 spear.
It was a potion of might.
You feel very mighty all of a sudden. The jelly hits you but does no damage.
Robin throws the goblin at you!
As you read the scroll labelled AMMALE IHYOFF, it crumbles to dust.
You cannot blink because you are held in place by your roots.
It was a scroll of blinking.
The goblin hits you but does no damage. The jelly hits you but does no damage.
As you read the scroll labelled WUDWYT VUORGHE, it crumbles to dust.
It is a scroll of identify.
j - 2 scrolls of vulnerability The jelly hits you but does no damage.
The goblin hits you but does no damage.
As you read the scroll labelled TEPSUH ITZUEWN, it crumbles to dust.
You feel a strange sense of stasis.
It was a scroll of teleportation.
The jelly hits you but does no damage. The goblin hits you but does no damage.
You hit the jelly. You burn the jelly.
You kill the jelly!
The goblin shoots a sling bullet.
The sling bullet hits you but does no damage.
The goblin hits you but does no damage.
You have reached level 4!
You feel agile.
Your demonic ancestry asserts itself...
A pair of antennae grows on your head!
You barely miss the hobgoblin.
The hobgoblin hits you but does no damage.
The goblin hits you with a +0 club.
* * * LOW HITPOINT WARNING * * *
You barely miss the hobgoblin. You hit the hobgoblin but do no damage.
The hobgoblin hits you but does no damage.
The goblin hits you but does no damage.
A goblin comes into view. It is wielding a +0 club.
You barely miss the hobgoblin. The hobgoblin hits you.
* * * LOW HITPOINT WARNING * * *
The goblin hits you with a +0 club.
You die...

. #.# ... ..
".# #.
#..###.# #. .
.....# ###.
... ...# #...
....###g###
## #######.#
........gg# .
.........
.....[..#g#.#
#######.#
_....g.)#♣#.#
#.#
##..###.#.g.#
#.. ...
g!#.### #..
## .##.# #..
## #.# #..
#.# #..
##.#######
#..
#.........
#.)
#.........
#..


You could see Robin, a hobgoblin and 3 goblins.

Vanquished Creatures
  A jelly (D:2)
  2 adders (D:2)
  A worm (D:2)
  A dart slug (D:1)
  2 bats (D:1)
  An endoplasm (D:1)
  9 goblins
  3 hobgoblins
  2 jackals (D:1)
  6 kobolds (D:1)
  4 ball pythons
  3 frilled lizards
  6 rats (D:1)
41 creatures vanquished.

Vanquished Creatures (others)
  4 plants (D:1)
4 creatures vanquished.

Grand Total: 45 creatures vanquished

Notes
Turn   | Place    | Note
-------+----------+-------------------------------------------
     0 | D:1      | blackman the Demonspawn Monk began the quest for the Orb.
     0 | D:1      | Reached XP level 1. HP: 18/18 MP: 1/1
   157 | D:1      | Reached skill level 3 in Axes
   191 | D:1      | Gained mutation: You may rarely emit foul miasma when
                  | damaged in melee. [demonic ancestry]
   191 | D:1      | Reached XP level 2. HP: 24/24 MP: 2/2
   892 | D:1      | Reached XP level 3. HP: 16/29 MP: 3/3
  1279 | D:2      | Reached skill level 4 in Axes
  1846 | D:2      | Found a faded altar of an unknown god.
  1866 | D:2      | HP: 1/29 [acid (6)]
  1867 | D:2      | Noticed Robin
  1873 | D:2      | Gained mutation: You have a pair of small antennae on your
                  | head. [demonic ancestry]
  1873 | D:2      | Reached XP level 4. HP: 3/35 MP: 4/4
  1873 | D:2      | HP: 2/52 [goblin/+0 club[Robin] (1)]
  1876 | D:2      | Slain by a goblin

Illustrated notes

Levels and vault maps discovered:
D:1:      ncdulo_lavacross, layout_loops_corners, serial_co_window_serial,
          co_window_paths_b, co_window_paths_a, co_window_paths_a,
          co_window_paths_a, co_window_corner_a, co_window_of_opportunity_a,
          co_window_corner_a, co_window_corner_cb, co_window_cross_3,
          co_window_corner_cb, co_window_broadway_a, glass_columns_a,
          lexackson_kobold_supper
D:2:      layout_loops_ring, hellmonk_ecumenical_altar_lost_god, serial_shops,
          nicolae_lakefront_shop, st_stairs_13, uniq_robin, uniq_natasha

Skill      XL: |  1  2  3 |
---------------+----------+-----
Axes           | 3 4 |  4.8
Fighting       | |  3.0
Dodging        | |  2.6
Stealth        | |  1.7

Action                   |  1- 3 |  4- 6 || total
-------------------------+-------+-------++-------
Melee: Hand axe          |     8 |       ||     8
       Whip              |   150 |     4 ||   154
  Use: Scroll            |     3 |       ||     3
       Potion            |     3 |       ||     3
 Stab: Sleeping          |     1 |       ||     1
Armor: Ring mail         |    86 |       ||    86
       Robe              |     1 |       ||     1
       Skin              |    11 |     3 ||    14
Dodge: Dodged            |   116 |       ||   116
